AoeStats
← buz

Black Forest

505677430Analyzed
2v2 RM · 22d ago on Sep 10, 2026· 77m 37s· 4 players
Game mode
Random Map
Map size
Medium (4 player)
Population
200
Speed
Normal
Resources
Standard
Victory
Conquest
Starting age
Dark Age
Ending age
Imperial Age
RankedLock teamsTeams togetherTeam positionsShared explorationLock speedFull tech treeHidden civsTurbo modeCheats
Victory
Defeat
🇫🇷 Britons · France
777
+15
🇫🇷 Ethiopians · France
776
+15
754
-15
🇲🇩 Italians · Moldova
747
-15
iDomino
0:34 Loom
16:45 Feudal Age
17:15 Double-Bit Axe
18:24 Wheelbarrow
17:32 Horse Collar
25:02 Castle Age
24:23 Gold Mining
24:26 Stone Mining
24:34 Fishing Lines
26:16 Hand Cart
28:38 Scale Mail Armor
28:48 Forging
28:29 Fletching
28:39 Padded Archer Armor
28:06 Pikeman
28:48 Squires
28:34 Arson
30:32 Bow Saw
30:26 Heavy Plow
31:20 Fortified Wall
35:20 Imperial Age
35:09 Stone Shaft Mining
35:07 Town Watch
35:56 Bodkin Arrow
36:17 Leather Archer Armor
36:38 Iron Casting
38:37 Two-Man Saw
39:50 Chemistry
39:10 Ballistics
38:48 Murder Holes
40:05 Gillnets
40:50 Elite Genoese Crossbowman
44:12 Caravan
52:30 Masonry
59:02 Chain Mail Armor
64:27 Architecture
66:22 Pirotechnia
72:52 Ring Archer Armor
72:23 Bracer
drip_trpz #Grandma Peek
1:29 Loom
11:38 Feudal Age
19:53 Castle Age
22:19 Bloodlines
25:55 Fletching
26:06 Padded Archer Armor
26:34 Crossbowman
26:42 Crossbowman
29:25 Bodkin Arrow
29:32 Padded Archer Armor
29:40 Double-Bit Axe
29:48 Elite Skirmisher
31:57 Forging
32:02 Leather Archer Armor
31:55 Scale Barding Armor
34:37 Ballistics
37:00 Imperial Age
37:26 Thumb Ring
38:25 Conscription
38:07 Steppe Husbandry
38:07 Cuman Mercenaries
38:57 Bow Saw
40:30 Elite Steppe Lancer
44:17 Chemistry
44:54 Elite Kipchak
52:51 Onager
54:18 Caravan
55:28 Two-Man Saw
54:13 Horse Collar
58:57 Siege Onager
buz
7:29 Loom
10:33 Feudal Age
15:48 Double-Bit Axe
15:48 Horse Collar
16:52 Wheelbarrow
21:56 Castle Age
20:07 Gold Mining
21:09 Arson
21:22 Fletching
22:20 Crossbowman
23:22 Thumb Ring
24:32 Squires
24:37 Padded Archer Armor
25:53 Town Watch
29:25 Bow Saw
30:18 Sanctity
33:15 Bodkin Arrow
33:36 Leather Archer Armor
36:29 Imperial Age
37:04 Hand Cart
36:51 Town Patrol
36:35 Arbalester
38:09 Conscription
37:22 Halberdier
38:42 Bracer
43:09 Ballistics
46:04 Ring Archer Armor
45:45 Forging
45:36 Scale Mail Armor
48:23 Iron Casting
51:12 Blast Furnace
50:37 Chain Mail Armor
53:21 Chemistry
65:28 Elite Skirmisher
70:20 Plate Mail Armor
memex
10:38 Feudal Age
9:34 Loom
11:37 Double-Bit Axe
11:34 Horse Collar
13:18 Wheelbarrow
12:29 Town Watch
18:31 Castle Age
18:25 Stone Mining
18:25 Gold Mining
19:53 Hand Cart
20:28 Heavy Plow
21:26 Bow Saw
22:58 Gold Shaft Mining
23:55 Squires
23:55 Pikeman
27:48 Town Patrol
28:21 Crossbowman
28:22 Elite Skirmisher
28:59 Fletching
29:10 Padded Archer Armor
33:23 Imperial Age
31:22 Scale Barding Armor
32:09 Town Patrol
33:08 Ballistics
33:27 Bodkin Arrow
33:48 Leather Archer Armor
33:47 Forging
33:37 Scale Mail Armor
33:32 Arson
33:10 Man-at-Arms
33:52 Arbalester
35:12 Caravan
36:01 Conscription
37:15 Chemistry
36:26 Murder Holes
36:18 Arrowslits
36:44 Masonry
36:42 Siege Engineers
37:20 Bracer
37:51 Ring Archer Armor
38:39 Yeomen
39:04 Fortified Wall
40:54 Halberdier
41:15 Light Cavalry
41:56 Husbandry
42:34 Chain Barding Armor
42:30 Chain Mail Armor
42:52 Iron Casting
41:40 Long Swordsman
42:08 Gambesons
45:06 Two-Man Saw
44:41 Cavalier
50:34 Warwolf
50:11 Onager
50:12 Heavy Scorpion
50:13 Capped Ram
60:21 Elite Longbowman
Connection lost

Rejoining the realm…

Still unreachable

The connection could not be restored.

Session expired

The server has moved on; the page needs a fresh start.